 Dungeon Crawl Stone Soup version 0.26.0-57-g60708a5e39 (webtiles) character file.

Game seed: 11902646049872083867

201 kaeus the Insei (level 5, -4/42 HPs)
             Began as a Draconian Transmuter on Feb 1, 2021.
             Slain by Sigmund
             ... wielding a +2 scythe of freezing
              (8 damage)
             ... on level 3 of the Dungeon.
             The game lasted 00:03:15 (2863 turns).

kaeus the Insei (Draconian Transmuter)              Turns: 2863, Time: 00:03:16

Health: -4/42      AC:  8    Str: 12    XL:     5   Next: 50%
Magic:  2/9        EV: 12    Int: 14    God:
Gold:   117        SH:  0    Dex: 12    Spells: 6/10 levels left

rFire    . . .     SeeInvis .     - Unarmed
rCold    . . .     Faith    .   (no shield)
rNeg     . . .     Spirit   .   (armour unavailable)
rPois    .         Reflect  .   (helmet restricted)
rElec    .         Harm     .   (no cloak)
rCorr    .         Rampage  .   (no gloves)
Will     .....     Rnd*Tele +   e - +2 pair of boots
Stlth    +.........             (no amulet)
HPRegen  0.14/turn              h - ring of teleportation (curse)
MPRegen  0.11/turn              (no ring)

@: very slightly contaminated
A: unfitting armour, cold-blooded, AC +5
a: no special abilities


You were on level 3 of the Dungeon.
You visited 1 branch of the dungeon, and saw 3 of its levels.

You collected 117 gold pieces.

Inventory:

Armour
 e - a +2 pair of boots (worn)
Jewellery
 h - a cursed ring of teleportation (left hand)
Scrolls
 a - a scroll of identify
 d - 2 scrolls of teleportation
Potions
 b - a potion of flight
 c - 3 potions of curing


   Skills:
 - Level 2.5 Fighting
 - Level 1.7 Dodging
 - Level 3.7 Unarmed Combat
 + Level 3.2 Spellcasting
 + Level 3.5 Transmutations
 - Level 1.5 Poison Magic


You had 6 spell levels left.
You knew the following spells:

 Your Spells              Type           Power        Failure   Level
a - Spider Form           Tmut/Pois      4%           22%         3
A - Beastly Appendage     Tmut           24%          4%          1

Your spell library contained the following spells:

 Spells                   Type           Power        Failure   Level
 Wereblood                Tmut           12%          8%          2
 Ice Form                 Ice/Tmut       7%           71%         4
 Blade Hands              Tmut           6%           80%         5


Dungeon Overview and Level Annotations

Branches:
Dungeon (3/15)

Altars:

Annotations:
D:3 Sigmund


Innate Abilities, Weirdness & Mutations

Your plain brown scales are hard. (AC +5)
You cannot fit into any form of body armour.
You are cold-blooded and may be slowed by cold attacks.


Message History

Confirm with . or Enter, or press ? or * to list all spells.
You miscast Spider Form.
Nothing appears to happen.
Sigmund drinks a potion.
Sigmund seems to grow stronger.
You now have 2/9 mp.
Casting: Spider Form (quite dangerous; 22% risk of failure)
Confirm with . or Enter, or press ? or * to list all spells.
You don't have enough magic to cast that spell.
Sigmund hits you with a +2 scythe of freezing.
You feel yourself slow down. Sigmund freezes you.
There is a stone staircase leading up here.
You take 7 damage, and have 24/42 hp.
You hit Sigmund but do no damage. You barely miss Sigmund.
You feel yourself speed up.
You feel sick.
You are no longer poisoned.
Sigmund hits you with a +2 scythe of freezing!!
* * * LOW HITPOINT WARNING * * *
Sigmund freezes you!
You die...

#.8.. ... #.#
.##########)#
............#
..##.##.#.#.#
#.##.##(#..##
#.##.@..(.#......
#.##@##..###.###.
#.##.##.#.# ##
#...........
#....######.#
#.#### .# #.# .
#.# # #.# #.#


You could see Sigmund (strong).

Vanquished Creatures
  A quasit (D:2)
  Natasha (thrice) (D:2)
  3 adders
  An ooze (D:2)
  2 worms (D:2)
  2 dart slugs (D:1)
  A leopard gecko (D:1)
  An orc (D:3)
  A giant cockroach (D:1)
  6 goblins
  6 hobgoblins
  2 jackals (D:2)
  A quokka (D:2)
  8 bats
  5 frilled lizards
  11 kobolds
  3 rats
57 creatures vanquished.

Notes
Turn   | Place    | Note
-------+----------+-------------------------------------------
     0 | D:1      | kaeus the Draconian Transmuter began the quest for the Orb.
     0 | D:1      | Reached XP level 1. HP: 16/16 MP: 3/3
   237 | D:1      | Reached XP level 2. HP: 23/24 MP: 5/5
   940 | D:2      | Reached XP level 3. HP: 30/30 MP: 4/6
   994 | D:2      | Learned a level 3 spell: Spider Form
  1669 | D:2      | Reached skill level 1 in Poison Magic
  1835 | D:2      | Reached XP level 4. HP: 36/37 MP: 3/7
  1901 | D:2      | Noticed Natasha
  1913 | D:2      | Killed Natasha
  2388 | D:2      | Noticed Natasha
  2394 | D:2      | Killed Natasha
  2395 | D:2      | Reached XP level 5. HP: 35/42 MP: 5/9
  2515 | D:2      | Noticed Natasha
  2523 | D:2      | Killed Natasha
  2842 | D:3      | Noticed Sigmund
  2863 | D:3      | Slain by Sigmund

Illustrated notes

Levels and vault maps discovered:
D:1:      dpeg_arrival_court, layout_basic, hangedman_decor_clover_reticule
D:2:      layout_basic, uniq_natasha
D:3:      layout_loops_cross, old_standard_altar, st_stairs_1, uniq_sigmund

Skill      XL: |  1  2  3  4  5 |
---------------+----------------+-----
Fighting       | 2 |  2.5
Poison Magic   | 1 |  1.5
Transmutations | 3 |  3.5
Spellcasting   | 3 |  3.2
Dodging        | |  1.7
Unarmed Combat | |  3.7

Action                   |  1- 3 |  4- 6 || total
-------------------------+-------+-------++-------
Melee: Unarmed           |   131 |    49 ||   180
       Kick              |    10 |       ||    10
       Headbutt          |     9 |       ||     9
       Tailslap          |     7 |     2 ||     9
 Cast: Beastly Appendage |    14 |       ||    14
       Spider Form       |     1 |     7 ||     8
  Use: Potion            |       |     4 ||     4
       Scroll            |       |     2 ||     2
 Stab: Sleeping          |     1 |     1 ||     2
Armor: Skin              |    54 |    11 ||    65
Dodge: Dodged            |   134 |    46 ||   180
